 Dungeon Crawl Stone Soup version 0.26.1-11-gd32895ea62 (webtiles) character file.

Game seed: 737864663755699930

1094 H0rd4k the Insei (level 8, -9/49 HPs)
             Began as an Octopode Transmuter on June 28, 2021.
             Was an Initiate of Gozag.
             Blown up by an orc priest (25 damage)
             ... with a disintegration bolt
             ... on level 6 of the Dungeon.
             The game lasted 00:08:52 (8335 turns).

H0rd4k the Insei (Octopode Transmuter)              Turns: 8335, Time: 00:08:52

Health: -9/49      AC:  2    Str:  9    XL:     8   Next: 31%
Magic:  10/13      EV: 22    Int: 17    God:    Gozag
Gold:   658        SH:  0    Dex: 18    Spells: 10/14 levels left

rFire    . . .     SeeInvis .     - Unarmed
rCold    . . .     Faith    +   (shield currently unavailable)
rNeg     . . .     Spirit   .   (helmet currently unavailable)
rPois    x         Reflect  .   x - amulet of faith
rElec    .         Harm     .   (no ring)
rCorr    .         Rampage  .   (no ring)
Will     .....                  (no ring)
Stlth    +++.......             (no ring)
HPRegen  0.16/turn              (no ring)
MPRegen  0.13/turn              (no ring)
                                (no ring)
                                (no ring)

@: spider-form
A: tiny, almost no armour, stealthy swim, (amphibious), 8 rings, (constrict 8)
a: End Transformation, Renounce Religion, Potion Petition, Call Merchant, Bribe
Branch


You were on level 6 of the Dungeon.
You worshipped Gozag.
Gozag was pleased with you.
You were a venomous arachnid creature.
You visited 1 branch of the dungeon, and saw 6 of its levels.

You collected 698 gold pieces.
You paid 40 gold pieces to Gozag.

Inventory:

Missiles
 q - 18 poisoned darts (quivered)
Magical Staves
 s - an uncursed staff of air
Jewellery
 x - an amulet of faith (around neck)
Wands
 k - a wand of paralysis (7)
 w - a wand of digging (5)
Scrolls
 c - a scroll of identify
 d - a scroll of enchant weapon {unknown}
 g - 2 scrolls of enchant armour {unknown}
 i - 4 scrolls of teleportation
 l - a scroll of immolation {unknown}
 m - a scroll of fog {unknown}
 o - a scroll of magic mapping {unknown}
 p - 2 scrolls of blinking
 r - 2 scrolls of random uselessness {unknown}
 t - 2 scrolls of remove curse {unknown}
 v - a scroll of amnesia {unknown}
 y - a scroll of noise {unknown}
 z - a scroll of fear {unknown}
Potions
 a - 2 potions of resistance
 b - a potion of brilliance {unknown}
 f - 2 potions of curing
 h - a potion of flight
 j - a potion of might {unknown}
 n - a potion of heal wounds {unknown}
 u - a potion of haste
 A - a potion of degeneration {unknown}


   Skills:
 + Level 1.7 Fighting
 + Level 0.9 Throwing
 + Level 3.6 Dodging
 + Level 4.1 Stealth
 + Level 6.1 Unarmed Combat
 * Level 3.5 Spellcasting
 * Level 4.0 Transmutations
 * Level 4.2 Poison Magic


You had 10 spell levels left.
You knew the following spells:

 Your Spells              Type           Power        Failure   Level
a - Beastly Appendage     Tmut           32%          11%         1
b - Spider Form           Tmut/Pois      8%           22%         3

Your spell library contained the following spells:

 Spells                   Type           Power        Failure   Level
 Wereblood                Tmut           16%          14%         2
 Ice Form                 Ice/Tmut       9%           78%         4
 Blade Hands              Tmut           8%           83%         5


Dungeon Overview and Level Annotations

Branches:
Dungeon (6/15)             Temple (0/1) D:5

Altars:
Ashenzari
Dithmenos
Gozag
Makhleb
Nemelex Xobeh
Wu Jian

Annotations:
D:4 1 runed translucent door, exclusions: door and phantom, Crazy Yiuf
D:5 2 transporters, exclusion: downstairs, Sensen's ghost, amateur GnWr


Innate Abilities, Weirdness & Mutations

You cannot wear most types of armour.
You are very stealthy in the water. (Stealth+)
((You are amphibious.))
You can wear up to eight rings at the same time.
((You can use your tentacles to constrict eight enemies at once.))
((Your skin changes colour to match your surroundings (Stealth+).))
((Your rubbery body absorbs attacks. (AC +1, EV +1)))


Message History

The orc's wounds heal themselves!
The orc priest completely misses you.
You barely miss the orc priest.
The orc priest looks braver for a moment.
The orc misses you.
The orc priest zaps a wand.
You are blasted!
You barely miss the orc priest. The orc completely misses you.
You hit the orc priest but do no damage.
The orc priest is poisoned.
The orc priest calls down the wrath of Beogh upon you.
Pain shoots through your body!
You hit the orc priest.
The orc priest looks as sick as possible!
The orc priest is moderately wounded.
The orc priest invokes the aid of Beogh against you.
Beogh smites you! The orc misses you. The orc priest closely misses you.
You hit the orc priest.
The orc priest is poisoned.
The orc priest is moderately wounded.
The orc priest zaps a wand.
You are blasted!
Ouch! That really hurt!
You die...

.### #.........
...##........ #
...##....... .#
#.....(....###..
#..#...##......
#......#.#.#.#
#########<...........#
#......<#).......)##.. $
#...oso...........##..
.##...o...)..[[.........
.........[#.........###.
.##.......#.........#
#....?.....)......####
#####...#..)....#.....
#.................
...######....##......####
.........<...............


You could see 2 orc priests and an orc.

Vanquished Creatures
  An ice beast (D:5)
  An orc warrior (D:5)
  2 ogres
  A water moccasin skeleton (D:4)
  3 wights
  A howler monkey (D:5)
  A centaur skeleton (D:5)
  2 hounds (D:5)
  3 orc priests
  A jelly (D:6)
  An iguana (D:4)
  2 orc wizards (D:6)
  2 worker ants (D:4)
  Robin (D:3)
  7 adders
  A shadow imp (D:2)
  2 ufetubi
  3 oozes
  A worm (D:2)
  A dart slug (D:2)
  3 leopard geckos
  14 orcs
  8 bats
  3 giant cockroaches
  17 goblins
  5 hobgoblins
  4 jackals
  5 kobolds
  3 ball pythons
  5 frilled lizards
  A leopard gecko skeleton (D:4)
  4 rats
109 creatures vanquished.

Notes
Turn   | Place    | Note
-------+----------+-------------------------------------------
     0 | D:1      | H0rd4k the Octopode Transmuter began the quest for the Orb.
     0 | D:1      | Reached XP level 1. HP: 13/13 MP: 3/3
   278 | D:1      | Reached XP level 2. HP: 16/18 MP: 5/5
   904 | D:2      | Reached XP level 3. HP: 9/23 MP: 6/6
  1306 | D:2      | Found an ornate altar of the Wu Jian Council.
  1388 | D:2      | Reached skill level 4 in Unarmed Combat
  1440 | D:2      | Found a burning altar of Makhleb.
  1446 | D:2      | Reached skill level 1 in Stealth
  1743 | D:2      | Reached XP level 4. HP: 20/28 MP: 7/7
  2202 | D:2      | Learned a level 3 spell: Spider Form
  2500 | D:3      | Found an opulent altar of Gozag.
  2503 | D:3      | Found a shadowy altar of Dithmenos.
  2615 | D:3      | Became a worshipper of Gozag Ym Sagoz the Greedy
  2870 | D:3      | Found a faded altar of an unknown god.
  2939 | D:3      | Reached XP level 5. HP: 26/33 MP: 8/8
  3307 | D:4      | Reached skill level 1 in Poison Magic
  3421 | D:4      | Reached XP level 6. HP: 35/38 MP: 9/9
  4167 | D:4      | Noticed Robin
  4183 | D:3      | Killed Robin
  4629 | D:4      | Found a broken altar of Ashenzari.
  4810 | D:4      | Reached skill level 5 in Unarmed Combat
  4885 | D:4      | Found a sparkling altar of Nemelex Xobeh.
  5192 | D:4      | Found a runed translucent door.
  5193 | D:4      | Noticed Crazy Yiuf
  5351 | D:5      | Entered Level 5 of the Dungeon
  5359 | D:5      | Noticed a phantom
  5535 | D:5      | Reached XP level 7. HP: 37/43 MP: 7/11
  6282 | D:5      | Noticed Sensen's ghost (amateur GnWr)
  6285 | D:5      | Found a staircase to the Ecumenical Temple.
  6463 | D:5      | Found a transporter.
  6470 | D:5      | Found a transporter.
  7928 | D:5      | Reached XP level 8. HP: 30/48 MP: 9/12
  8102 | D:6      | Reached skill level 6 in Unarmed Combat
  8323 | D:6      | Identified the +1 leather armour of Eternity {*Drain MP+9
                  | Stlth+}
  8335 | D:6      | Blown up by an orc priest

Illustrated notes

Levels and vault maps discovered:
D:1:      saegor_arrival_simple_c, layout_basic
D:2:      layout_basic, makhleb_grotto_becter, nzn_wu_jian_contemplation,
          st_stairs_4
D:3:      layout_rooms, minitemple, chequers_ecumenical_altar_simple,
          grunt_ministairs_10
D:4:      layout_layer_cave, lemuel_doored_altar, overflow_temple_1_default,
          uniq_robin, uniq_crazy_yiuf_cottage
D:5:      layout_layer_cave, minmay_temple_entry_trees, gammafunk_ghost_hive
D:6:      layout_rooms, amethyst_overflow_temple_binary,
          minmay_misc_feat_encased, uniq_eustachio, uniq_maggie

Skill      XL: |  1  2  3  4  5  6  7  8 |
---------------+-------------------------+-----
Unarmed Combat | 4 5 6 |  6.1
Stealth        | 1 2 3 4 |  4.1
Poison Magic   | 1 2 4 |  4.2
Dodging        | 3 |  3.6
Transmutations | 3 4 |  4.0
Spellcasting   | 3 |  3.5
Fighting       | |  1.7
Throwing       | |  0.9

Action                   |  1- 3 |  4- 6 |  7- 9 || total
-------------------------+-------+-------+-------++-------
Melee: Unarmed           |    73 |   167 |   109 ||   349
       Tentacles         |    16 |    24 |     7 ||    47
       Constrict         |    16 |    32 |     6 ||    54
       Punch             |     1 |     5 |       ||     6
Throw: Dart              |       |    13 |     1 ||    14
 Cast: Spider Form       |       |     7 |    11 ||    18
  Use: Scroll            |       |       |     7 ||     7
 Stab: Sleeping          |     3 |     6 |     1 ||    10
       Distracted        |       |       |     1 ||     1
Armor: Skin              |     6 |    10 |     6 ||    22
Dodge: Dodged            |    45 |   133 |    77 ||   255
